 Dungeon Crawl Stone Soup version 0.26.1-11-gd32895ea62 (webtiles) character file.

Game seed: 13680931154491827732

100 alphawulf the Archer (level 4, -2/38 HPs)
             Began as a Gnoll Hunter on May 12, 2021.
             Slain by Dowan
             ... wielding a +0 dagger of electrocution
              (17 damage)
             ... on level 5 of the Dungeon.
             The game lasted 00:08:00 (2408 turns).

alphawulf the Archer (Gnoll Hunter)                 Turns: 2408, Time: 00:08:01

Health: -2/38      AC:  7    Str: 15    XL:     4   Next: 74%
Magic:  5/5        EV: 12    Int: 13    God:
Gold:   214        SH:  0    Dex: 16    Spells: 5/5 levels left

rFire    . . .     SeeInvis .   a - +2 shortbow
rCold    . . .     Faith    .   (shield currently unavailable)
rNeg     . . .     Spirit   .   i - +1 scale mail
rPois    .         Reflect  .   (no helmet)
rElec    .         Harm     .   (no cloak)
rCorr    .         Rampage  .   (no gloves)
Will     +....                  (no boots)
Stlth    +.........             (no amulet)
HPRegen  0.12/turn              f - ring of willpower
MPRegen  0.09/turn              (no ring)

@: no status effects
A: distributed training, fangs 1, strong nose
a: no special abilities


You were on level 5 of the Dungeon.
You visited 1 branch of the dungeon, and saw 4 of its levels.

You collected 214 gold pieces.

Inventory:

Hand Weapons
 a - a +2 shortbow (weapon)
 b - a +1 flail of protection
Missiles
 d - 50 arrows (quivered ammo)
Armour
 i - a +1 scale mail (worn)
Jewellery
 f - a ring of willpower (left hand)
Wands
 n - a wand of flame (22)
Scrolls
 e - a scroll of remove curse
 j - a scroll of identify
Potions
 c - a potion of haste
 g - 3 potions of lignification
 h - 3 potions of curing {unknown}
 k - a potion of cancellation {unknown}


   Skills:
 + Level 4.7 Fighting
 + Level 1.2 Short Blades
 + Level 1.2 Long Blades
 + Level 1.2 Axes
 + Level 1.2 Maces & Flails
 + Level 1.2 Polearms
 + Level 1.2 Staves
 + Level 1.2 Slings
 + Level 8.6 Bows
 + Level 1.2 Crossbows
 + Level 1.2 Throwing
 + Level 1.2 Armour
 + Level 4.7 Dodging
 + Level 2.6 Stealth
 + Level 1.2 Shields
 + Level 1.2 Unarmed Combat
 + Level 1.2 Spellcasting
 + Level 1.0 Conjurations
 + Level 1.0 Hexes
 + Level 1.0 Summonings
 + Level 1.0 Necromancy
 + Level 1.0 Translocations
 + Level 1.0 Transmutations
 + Level 1.0 Fire Magic
 + Level 1.0 Ice Magic
 + Level 1.0 Air Magic
 + Level 1.0 Earth Magic
 + Level 1.0 Poison Magic
 + Level 1.3 Invocations
 + Level 1.2 Evocations


You had 5 spell levels left.
You didn't know any spells.
Your spell library was empty.

Dungeon Overview and Level Annotations

Branches:
Dungeon (3/15)

Altars:

Annotations:
D:5 Dowan, Duvessa


Innate Abilities, Weirdness & Mutations

Your experience applies equally to all skills.
You have very sharp teeth.
Your uncanny sense of smell can sniff out nearby items.


Message History

The shadow imp is severely wounded.
You shoot an arrow. The arrow hits the shadow imp.
You kill the shadow imp!
HP restored.
h - 3 bubbling white potions (gained 1)
d - 50 arrows (gained 2)
Found an escape hatch in the ceiling.
Dowan, Brother of Duvessa comes into view.
He is wielding a +0 dagger of electrocution and wearing a +2 robe of resistance.
Dowan shouts!
Duvessa, Sister of Dowan comes into view.
She is wielding a +0 short sword.
Okay, then.
Dowan barely misses you. Dowan closely misses you.
Duvessa hits you with a +0 short sword. Dowan hits you but does no damage.
You are electrocuted!!
Dowan casts a spell at Duvessa.
Duvessa seems to speed up.
There is an escape hatch in the ceiling here.
Duvessa hits you with a +0 short sword. Dowan hits you but does no damage.
You are electrocuted!
You die...

#....#
∆#....#
#....#
#....#
#....#
#....# .
#....#
....##.ee.#
.......@..#
..........#
..........#
..........#
#...###+###
#... ... ..


You could see Duvessa (fast) and Dowan.

Vanquished Creatures
  3 adders
  A shadow imp (D:5)
  2 worms (D:2)
  5 orcs (D:3)
  2 ball pythons (D:1)
  A giant cockroach (D:2)
  9 goblins
  9 hobgoblins
  4 bats
  11 kobolds
  6 rats
53 creatures vanquished.

Notes
Turn   | Place    | Note
-------+----------+-------------------------------------------
     0 | D:1      | alphawulf the Gnoll Hunter began the quest for the Orb.
     0 | D:1      | Reached XP level 1. HP: 20/20 MP: 1/1
   353 | D:1      | Reached XP level 2. HP: 26/26 MP: 2/2
  1194 | D:2      | Reached XP level 3. HP: 31/31 MP: 3/3
  1594 | D:2      | Reached skill level 1 in Invocations
  1708 | D:2      | Reached skill level 1 in Short Blades
  1708 | D:2      | Reached skill level 1 in Long Blades
  1708 | D:2      | Reached skill level 1 in Axes
  1708 | D:2      | Reached skill level 1 in Maces & Flails
  1708 | D:2      | Reached skill level 1 in Polearms
  1708 | D:2      | Reached skill level 1 in Staves
  1708 | D:2      | Reached skill level 1 in Slings
  1708 | D:2      | Reached skill level 1 in Crossbows
  1708 | D:2      | Reached skill level 1 in Throwing
  1708 | D:2      | Reached skill level 1 in Armour
  1708 | D:2      | Reached skill level 1 in Shields
  1708 | D:2      | Reached skill level 1 in Unarmed Combat
  1708 | D:2      | Reached skill level 1 in Spellcasting
  1708 | D:2      | Reached skill level 1 in Evocations
  2086 | D:3      | Reached XP level 4. HP: 37/38 MP: 5/5
  2237 | D:3      | Reached skill level 1 in Conjurations
  2237 | D:3      | Reached skill level 1 in Hexes
  2237 | D:3      | Reached skill level 1 in Summonings
  2237 | D:3      | Reached skill level 1 in Necromancy
  2237 | D:3      | Reached skill level 1 in Translocations
  2237 | D:3      | Reached skill level 1 in Transmutations
  2237 | D:3      | Reached skill level 1 in Fire Magic
  2237 | D:3      | Reached skill level 1 in Ice Magic
  2237 | D:3      | Reached skill level 1 in Air Magic
  2237 | D:3      | Reached skill level 1 in Earth Magic
  2237 | D:3      | Reached skill level 1 in Poison Magic
  2364 | D:3      | You fall into a shaft and drop 2 floors!
  2364 | D:5      | Entered Level 5 of the Dungeon
  2401 | D:5      | Noticed Dowan
  2401 | D:5      | Noticed Duvessa
  2408 | D:5      | Slain by Dowan

Illustrated notes

Levels and vault maps discovered:
D:1:      wander_arrival_peaceful_grave, layout_loops_corners
D:2:      layout_loops_cross
D:3:      layout_rooms
D:5:      layout_gridville, overflow_temple_1_default, basic_altar,
          serial_shops, nicolae_shop_crystal, shop, shop,
          nicolae_shop_window_shopping, kennysheep_mini, uniq_duvessa

Skill      XL: |  1  2  3  4 |
---------------+-------------+-----
Invocations    | 1 |  1.3
Short Blades   | 1 |  1.2
Long Blades    | 1 |  1.2
Axes           | 1 |  1.2
Maces & Flails | 1 |  1.2
Polearms       | 1 |  1.2
Staves         | 1 |  1.2
Slings         | 1 |  1.2
Crossbows      | 1 |  1.2
Throwing       | 1 |  1.2
Armour         | 1 |  1.2
Shields        | 1 |  1.2
Unarmed Combat | 1 |  1.2
Spellcasting   | 1 |  1.2
Evocations     | 1 |  1.2
Conjurations   | 1 |  1.0
Hexes          | 1 |  1.0
Summonings     | 1 |  1.0
Necromancy     | 1 |  1.0
Translocations | 1 |  1.0
Transmutations | 1 |  1.0
Fire Magic     | 1 |  1.0
Ice Magic      | 1 |  1.0
Air Magic      | 1 |  1.0
Earth Magic    | 1 |  1.0
Poison Magic   | 1 |  1.0
Fighting       | |  4.7
Bows           | |  8.6
Dodging        | |  4.7
Stealth        | |  2.6

Action                   |  1- 3 |  4- 6 || total
-------------------------+-------+-------++-------
Melee: Short sword       |    55 |     6 ||    61
       Bite              |     8 |       ||     8
 Fire: Shortbow          |    46 |    30 ||    76
  Use: Scroll            |     7 |       ||     7
Armor: Scale mail        |    15 |     2 ||    17
Dodge: Dodged            |    30 |     5 ||    35
